cohdb
Replays
Latest Replays
All Replays
Popular Replays
Top Player Replays
Match Explorer
How It Works
Community
CoH3 Stats
Reddit
Sign in to upload your games and track your stats! →
Sign in with Steam
Match 41070369
Unlisted
Match 41070369
Overview
Messages
Build Orders
End
Pioneer Squad
Construct Infanterie Kompanie
Selects Terror Battlegroup
Selects Terror Battlegroup
Grenadier Squad
GrW 34 Mortar Team
Grenadier Squad
Construct Luftwaffe Kompanie
Selects Machine Gun Camouflage
Jäger Squad
Support Elements
MatioS
ashilrye
Zbirga
Dirkradix
Sabersama
The Window
Jonnies
JIANHU
0
0
Comments
sign in to comment!
No comments posted yet!